 Dungeon Crawl Stone Soup version 0.31-a0-435-g2c6fae2916 (webtiles) character file.

Game seed: 5245679930748510855

1097 Bnni the Slasher (level 8, 0/51 HPs)
             Began as a Tengu Fighter on Aug 1, 2023.
             Slain by Pikel
             ... wielding a +2 whip of freezing
              (1 damage)
             ... on level 5 of the Dungeon.
             The game lasted 00:06:29 (3792 turns).

Bnni the Slasher (Tengu Fighter)                    Turns: 3792, Time: 00:06:30

Health: 0/51       AC:  6    Str: 16    XL:     8   Next: 31%
Magic:  0/9        EV: 10    Int:  9    God:
Gold:   137        SH:  6    Dex: 16    Spells: 7/7 levels left

rFire   . . .        a - +0 long sword
rCold   . . .        c - +1 buckler
rNeg    . . .        b - +0 scale mail
rPois   .            (helmet restricted)
rElec   .            (no cloak)
rCorr   .            (no gloves)
SInv    .            (boots unavailable)
Will    +....        o - amulet of guardian spirit Stlth
                     p - ring of willpower
HPRegen 0.28/turn    (no ring)
MPRegen 0.11/turn

%: guardian spirit
@: silenced, flying quickly and evasively, quick
A: beak, talons 3, nimble flight
a: no special abilities


You were on level 5 of the Dungeon.
You visited 1 branch of the dungeon, and saw 5 of its levels.

You collected 137 gold pieces.

Inventory:

Hand Weapons
 a - a +0 long sword (weapon)
Armour
 b - a +0 scale mail (worn)
 c - a +1 buckler (worn)
Jewellery
 o - an amulet of guardian spirit (around neck)
 p - a ring of willpower (left hand)
 r - an amulet of regeneration
Wands
 d - a wand of flame (52)
 s - a wand of iceblast (1)
Scrolls
 i - 2 scrolls of revelation
 k - a scroll of enchant weapon {unknown}
 m - a scroll of noise
 n - a scroll of identify
 q - a scroll of teleportation {unknown}
Potions
 g - a potion of enlightenment
 j - a potion of cancellation
 l - a potion of heal wounds
 t - a potion of curing {unknown}
 u - a potion of mutation {unknown}
 w - a potion of brilliance {unknown}


   Skills:
 + Level 5.9 Fighting
 * Level 7.9 Long Blades
 - Level 3.2 Armour
 - Level 5.0 Shields


You had 7 spell levels left.
You didn't know any spells.
Your spell library contained the following spells:

 Spells                   Type           Power      Damage    Failure   Level
 Blink                    Tloc           0%         N/A       95%         2
 Lesser Beckoning         Tloc           0%         N/A       95%         2
 Momentum Strike          Conj/Tloc      0%         3d8       95%         2


Dungeon Overview and Level Annotations

Branches:
Dungeon (5/15)             Temple (0/1) D:5

Altars:
Qazlal
Ru
Uskayaw

Annotations:
D:5 Pikel


Innate Abilities, Weirdness & Mutations

You have a beak for a mouth.
You have claws for feet.
Your magical nature lets you fly swiftly and evasively.


Message History

Pikel freezes you.
The howler monkey hoots and howls with incredible vigour!
You block the lemure's attack.
You hear a shout!
Okay, then.
As you read the scroll labelled EPIKLE KAITI, it crumbles to dust.
You feel aware of your surroundings.
It was a scroll of revelation. 2 lemures come into view.
The lemure hits you.
Pikel hits you with a +2 whip of freezing.
Pikel freezes you.
As you read the scroll labelled DUTRIM QISEK, it crumbles to dust.
It is a scroll of identify.
m - a scroll of noise The howler monkey hoots and howls with incredible vigour!
Pikel closely misses you. The lemure barely misses you.
As you read the scroll labelled VEATIO DEJAOLL, it dissolves into smoke.
It was a scroll of fog.
The lemure hits you.
Pikel hits you with a +2 whip of freezing!
* * * LOW HITPOINT WARNING * * *
Pikel freezes you.
* * * LOW HITPOINT WARNING * * *
Unknown command.
As you read the scroll labelled QIMPUNW PYNAACW, it crumbles to dust.
It is a scroll of enchant armour.
Your +0 buckler glows green for a moment.
You block Pikel's attack. The lemure hits you but does no damage.
As you read the scroll labelled TOKKE MAOLE, it crumbles to dust.
A profound silence engulfs you.
It was a scroll of silence.
You block Pikel's attack. The lemure completely misses you.
Magic scrolls do not work when you're silenced!
You barely miss Pikel. Your kick misses Pikel.
Pikel hits you with a +2 whip of freezing!
* * * LOW HITPOINT WARNING * * *
Pikel freezes you. The lemure closely misses you.
Unknown command.
You hit Pikel.
Pikel is lightly wounded.
Pikel hits you with a +2 whip of freezing.
You die...

P~~≈≈~~~P.......# *,* *,*
~P~~~~~~~.#####.#######.******,*
~~~~~P~~~.#####.#...###.*,,,**,**
~~P~~~~~~..............:,,,,,,,,,
P~PP.~P~~.#.#.#.#...###.*,*,**,**
P.~..P~~P.#.#.#.#######.*,*,**,**
..........#.....#######.*,*,**,,,
...........##.#########.*,*,**,,*
########...##.55@§§####.*,*,,,,**
# ###....###K#####.*,*,,*** #
#.##.###Y#####.*,.,,* #
#####.#<.###h#####.#..,** #
#....)######o#####....,* #
#.....######l#.......#,***
#.....######h#.....#**,*,*
#........5.o5#<.#..,,,,,~**
#.....######...##,~,,~~~~,*


You could see Pikel, an ice beast and 2 lemures.

Vanquished Creatures
  Grinder (D:3)
  Sigmund (D:5)
  A water moccasin (D:5)
  An ogre (D:5)
  Blork the orc (D:4)
  A howler monkey (D:5)
  3 hounds
  2 jellies
  Ijyb (D:3)
  Terence (D:3)
  Robin (D:3)
  8 gnolls
  4 adders (D:4)
  A shadow imp (D:5)
  2 worms
  A dart slug (D:4)
  5 orcs
  6 bats
  8 endoplasms
  A giant cockroach (D:1)
  15 goblins
  14 hobgoblins
  6 jackals
  5 quokkas
  2 ball pythons
  2 frilled lizards
  7 kobolds
  3 rats
104 creatures vanquished.

Notes
Turn   | Place    | Note
-------+----------+-------------------------------------------
     0 | D:1      | Bnni the Tengu Fighter began the quest for the Orb.
     0 | D:1      | Reached XP level 1. HP: 14/14 MP: 2/2
   218 | D:1      | Reached XP level 2. HP: 18/19 MP: 3/3
   383 | D:1      | Reached XP level 3. HP: 22/23 MP: 4/4
   394 | D:1      | Reached skill level 3 in Long Blades
   659 | D:1      | Found a faded altar of an unknown god.
  1476 | D:1      | Reached XP level 4. HP: 27/28 MP: 3/5
  1819 | D:3      | Noticed Terence
  1828 | D:3      | Killed Terence
  1887 | D:3      | Noticed Robin
  1936 | D:3      | Gained mutation: Your magical nature lets you fly swiftly
                  | and evasively. [Tengu growth]
  1936 | D:3      | Reached XP level 5. HP: 24/32 MP: 3/6
  1945 | D:3      | Killed Robin
  2047 | D:3      | Found a sacrificial altar of Ru.
  2051 | D:3      | Reached skill level 4 in Long Blades
  2159 | D:3      | Noticed Ijyb
  2176 | D:3      | Killed Ijyb
  2338 | D:3      | Noticed Grinder
  2347 | D:3      | Killed Grinder
  2348 | D:3      | Reached skill level 5 in Long Blades
  2348 | D:3      | Reached skill level 5 in Shields
  2348 | D:3      | Reached XP level 6. HP: 19/39 MP: 2/7
  2500 | D:4      | Noticed Blork the orc
  2506 | D:4      | Killed Blork the orc
  2507 | D:4      | Reached XP level 7. HP: 32/44 MP: 5/8
  2904 | D:4      | Reached skill level 6 in Long Blades
  2983 | D:4      | Identified the +1 short sword "Booc Vodgh" {flame, *Slow
                  | Dex+4}
  3020 | D:4      | Found a hide-covered altar of Uskayaw.
  3103 | D:4      | Found a stormy altar of Qazlal.
  3251 | D:5      | Entered Level 5 of the Dungeon
  3398 | D:5      | Reached skill level 5 in Fighting
  3503 | D:5      | Noticed Sigmund
  3515 | D:5      | Killed Sigmund
  3516 | D:5      | Reached skill level 7 in Long Blades
  3516 | D:5      | Reached XP level 8. HP: 34/50 MP: 6/9
  3760 | D:5      | Noticed Pikel
  3791 | D:5      | HP: 1/51 [Pikel/+2 whip of freezing (6)]
  3792 | D:5      | Slain by Pikel

Illustrated notes

Levels and vault maps discovered:
D:1:      dreamdust_arrival_sigmund_warning, layout_basic,
          shapermc_ecumenical_altar_notcrosses,
          nicolae_concentric_dashed_squares_mild, dreamdust_princess_corridor
D:2:      layout_loops_ring
D:3:      layout_rooms, nicolae_ru_great_annihilating_truth, uniq_ijyb,
          uniq_terence, uniq_robin, uniq_grinder
D:4:      layout_rooms, mainiacjoe_overflow_catch_the_wave,
          minmay_misc_feat_nine_boxes, uniq_blork_the_orc
D:5:      layout_basic, minmay_temple_entry_mist, serial_bayou,
          serial_bayou_pond_c, serial_bayou_pond_a, serial_bayou_pond_d,
          serial_bayou_pond_b, serial_bayou_shore_a, uniq_sigmund,
          uniq_eustachio, uniq_pikel

Skill      XL: |  1  2  3  4  5  6  7 |
---------------+----------------------+-----
Long Blades    | 3 5 7 |  7.9
Shields        | 4 5 |  5.0
Fighting       | 4 5 |  5.9
Armour         | |  3.2

Action                     |  1- 3 |  4- 6 |  7- 9 || total
---------------------------+-------+-------+-------++-------
  Melee: Long sword        |    62 |    96 |   132 ||   290
         Kick              |    10 |    26 |    35 ||    71
         Peck              |     9 |    10 |    19 ||    38
  Throw: Throwing net      |       |       |     1 ||     1
  Evoke: Wand              |       |       |     2 ||     2
    Use: Potion            |       |     1 |     3 ||     4
         Scroll            |       |       |     5 ||     5
   Stab: Invisible         |       |     1 |       ||     1
         Paralysed         |       |     1 |       ||     1
 Armour: Scale mail        |    25 |    28 |    49 ||   102
  Dodge: Dodged            |    18 |    51 |    76 ||   145
  Block: Buckler           |     9 |    19 |    43 ||    71

Table legend: (Time is in decaauts)
 A = Elapsed time spent in this place.
 B = Non-inter-level travel time spent in this place.
 C = Inter-level travel time spent in this place.
 D = Time resting spent in this place.
 E = Time spent auto-exploring this place.
 F = Levels seen in this place.
 G = Mean time per level.
                   A        B        C        D        E       F      G
               +--------+--------+--------+--------+--------+-----+--------+
         Total |   3756 |   3594 |    162 |    164 |   2659 |   5 |  751.2 |
       Dungeon |   3756 |   3594 |    162 |    164 |   2659 |   5 |  751.2 |
               +--------+--------+--------+--------+--------+-----+--------+

Top non-repeatable levels by time:
     D:1: 1144 daAuts
     D:4: 821 daAuts
     D:2: 731 daAuts
     D:3: 638 daAuts
     D:5: 420 daAuts
